3L
HOUSTON 1837 BBC @ DETROIT RENAISSANCE
06/07/2031
 
TOP OF THE 1ST
Houston 1837 BBC batting - Pitching for Detroit Renaissance : RHP Ryan Bentley
Pitching: RHP Ryan Bentley
Batting: LHB Damian Delaney 0-0: Swinging Strike
0-1: Ball
1-1: Ball
2-1: Called Strike
2-2: Strikes out swinging
Batting: LHB Fa-tang Wang 0-0: Ball
1-0: Called Strike
1-1: Ball
2-1: Foul Ball, location: 2F
2-2: Strikes out swinging
Batting: RHB Juan Chávez 0-0: Fly out, F7 (Flyball, 78S)
Top of the 1st over - 0 runs, 0 hits, 0 errors, 0 left on base; Houston 0 - Detroit 0
BOTTOM OF THE 1ST
Detroit Renaissance batting - Pitching for Houston 1837 BBC : LHP Roy Alsobrook
Pitching: LHP Roy Alsobrook
Batting: LHB Josh Platt 0-0: Foul Ball, location: 2F
0-1: Foul Ball, location: 2F
0-2: Ground out 4-3 (Groundball, 4M)
Batting: SHB Shiki Sanu 0-0: Fly out, F3 (Popup, 23F)
Batting: LHB Javier Sánchez 0-0: Ball
1-0: SOLO HOME RUN (Flyball, 9D), Distance : 342 ft
Batting: RHB Quincy van Enk 0-0: Ground out 5-3 (Groundball, 56)
Bottom of the 1st over - 1 run, 1 hit, 0 errors, 0 left on base; Houston 0 - Detroit 1
TOP OF THE 2ND
Houston 1837 BBC batting - Pitching for Detroit Renaissance : RHP Ryan Bentley
Batting: RHB Bob Dickerson 0-0: Fly out, F6 (Popup, 6MS)
Batting: RHB Scott Robertson 0-0: Ball
1-0: SINGLE (Line Drive, 8LS)
Batting: LHB Guillermo Arellano 0-0: Ball
1-0: Ball
2-0: Called Strike
2-1: Foul Ball, location: 2F
2-2: Foul Ball, location: 2F
2-2: DOUBLE (Flyball, 78XD)
Scott Robertson to third
Runner from 3rd tries for Home, SAFE, no throw
Batting: SHB Nobuhisa Hatoyama 0-0: Ball
1-0: Ball
2-0: Ball
3-0: Base on Balls
Batting: RHB Armond Merlin 0-0: Fly out, F5 (Line Drive, 56)
Batting: RHB Anastasio Hernández 0-0: Ball
1-0: Foul Ball, location: 2F
1-1: Ball
2-1: Fielders Choice at 2nd, 6-4 (Groundball, 6)
Top of the 2nd over - 1 run, 2 hits, 0 errors, 2 left on base; Houston 1 - Detroit 1
BOTTOM OF THE 2ND
Detroit Renaissance batting - Pitching for Houston 1837 BBC : LHP Roy Alsobrook
Batting: LHB Elian Gonzalez 0-0: Ball
1-0: Foul Ball, location: 2F
1-1: Ball
2-1: Fly out, F8 (Flyball, 8RM)
Batting: RHB Takashi Miike 0-0: Bunted foul
0-1: Ball
1-1: Ground out U3 (Groundball, 34S)
Batting: LHB Lance Antle 0-0: Called Strike
0-1: Ball
1-1: Ball
2-1: Foul Ball, location: 2F
2-2: Strikes out swinging
Bottom of the 2nd over - 0 runs, 0 hits, 0 errors, 0 left on base; Houston 1 - Detroit 1
TOP OF THE 3RD
Houston 1837 BBC batting - Pitching for Detroit Renaissance : RHP Ryan Bentley
Batting: LHB Damian Delaney 0-0: Called Strike
0-1: Hit by Pitch
Batting: LHB Fa-tang Wang 0-0: Ball
1-0: Ball
2-0: Called Strike
2-1: Swinging Strike
2-2: Strikes out swinging
Batting: RHB Juan Chávez 0-0: Called Strike
Throwing error on steal attempt, E2
Damian Delaney to third
0-1: Fly out, F9 (Flyball, 9)
Runner from 3rd tags up, SCORES, no throw
Batting: RHB Bob Dickerson 0-0: Ball
1-0: Foul Ball, location: 2F
1-1: Ball
2-1: Foul Ball, location: 2F
2-2: Foul Ball, location: 2F
2-2: Strikes out looking
Top of the 3rd over - 1 run, 0 hits, 1 error, 0 left on base; Houston 2 - Detroit 1
BOTTOM OF THE 3RD
Detroit Renaissance batting - Pitching for Houston 1837 BBC : LHP Roy Alsobrook
Batting: RHB Sixto Estrada 0-0: Fly out, F9 (Flyball, 9LSF)
Batting: SHB Jesús Román 0-0: Called Strike
0-1: Called Strike
0-2: Ball
1-2: Strikes out swinging
Batting: LHB Josh Platt 0-0: Ball
1-0: Called Strike
1-1: Foul Ball, location: 2F
1-2: Strikes out swinging
Bottom of the 3rd over - 0 runs, 0 hits, 0 errors, 0 left on base; Houston 2 - Detroit 1
TOP OF THE 4TH
Houston 1837 BBC batting - Pitching for Detroit Renaissance : RHP Ryan Bentley
Batting: RHB Scott Robertson 0-0: Swinging Strike
0-1: Ball
1-1: Foul Ball, location: 2F
1-2: Strikes out swinging
Batting: LHB Guillermo Arellano 0-0: Ball
1-0: Fly out, F8 (Flyball, 78S)
Batting: SHB Nobuhisa Hatoyama 0-0: Ball
1-0: Ball
2-0: SINGLE (Groundball, 34) (infield hit)
Batting: RHB Armond Merlin 0-0: Fly out, F8 (Flyball, 8LS)
Top of the 4th over - 0 runs, 1 hit, 0 errors, 1 left on base; Houston 2 - Detroit 1
BOTTOM OF THE 4TH
Detroit Renaissance batting - Pitching for Houston 1837 BBC : LHP Roy Alsobrook
Batting: SHB Shiki Sanu 0-0: Called Strike
0-1: Ball
1-1: Swinging Strike
1-2: Ground out U3 (Groundball, 34)
Batting: LHB Javier Sánchez 0-0: Ball
1-0: Ball
2-0: Swinging Strike
2-1: Foul Ball, location: 2F
2-2: SOLO HOME RUN (Flyball, 89XD), Distance : 383 ft
Pitching: RHP Ricardo Suárez
Batting: RHB Quincy van Enk 0-0: Called Strike
0-1: Swinging Strike
0-2: Ball
1-2: SINGLE (Line Drive, 78S)
Batting: LHB Elian Gonzalez 0-0: Ball
1-0: SINGLE (Line Drive, 4MD)
Quincy van Enk to second
Batting: RHB Takashi Miike 0-0: Called Strike
0-1: Ball
1-1: Fly out, F8 (Flyball, 8RD)
Batting: LHB Lance Antle 0-0: Ball
1-0: SINGLE (Groundball, 34D)
Quincy van Enk to third
Elian Gonzalez to second
Runner from 3rd tries for Home, SAFE, no throw
Batting: RHB Sixto Estrada 0-0: Called Strike
0-1: Foul Ball, location: 2F
0-2: Strikes out looking
Bottom of the 4th over - 2 runs, 4 hits, 0 errors, 2 left on base; Houston 2 - Detroit 3
TOP OF THE 5TH
Houston 1837 BBC batting - Pitching for Detroit Renaissance : RHP Ryan Bentley
Batting: RHB Anastasio Hernández 0-0: Ball
1-0: Foul Ball, location: 2F
1-1: Ball
2-1: Ball
3-1: Called Strike
3-2: Ground out U3 (Groundball, 34)
Batting: LHB Damian Delaney 0-0: DOUBLE (Line Drive, 9LM)
Batting: LHB Fa-tang Wang 0-0: Ground out 4-3 (Groundball, 34D)
Damian Delaney to third
Batting: RHB Juan Chávez 0-0: Ball
1-0: Ball
2-0: Foul Ball, location: 2F
2-1: Called Strike
2-2: Ball
3-2: Strikes out swinging
Top of the 5th over - 0 runs, 1 hit, 0 errors, 1 left on base; Houston 2 - Detroit 3
BOTTOM OF THE 5TH
Detroit Renaissance batting - Pitching for Houston 1837 BBC : RHP Ricardo Suárez
Batting: SHB Jesús Román 0-0: Ball
1-0: Ball
2-0: Called Strike
2-1: Foul Ball, location: 2F
2-2: Strikes out looking
Batting: LHB Josh Platt 0-0: SINGLE (Flyball, 78S)
Batting: SHB Shiki Sanu 0-0: Called Strike
0-1: Swinging Strike
0-2: Ball
1-2: Ball
2-2: Strikes out swinging
Batting: LHB Javier Sánchez 0-0: Foul Ball, location: 2F
0-1: Ball
1-1: Ball
2-1: Foul Ball, location: 2F
2-2: Foul Ball, location: 2F
2-2: Foul Ball, location: 2F
2-2: Ball
3-2: Base on Balls
Josh Platt to second
Batting: RHB Quincy van Enk 0-0: Called Strike
0-1: Ball
1-1: Ball
2-1: Fielders Choice at 2nd, 6-4 (Groundball, 6)
Bottom of the 5th over - 0 runs, 1 hit, 0 errors, 2 left on base; Houston 2 - Detroit 3
TOP OF THE 6TH
Houston 1837 BBC batting - Pitching for Detroit Renaissance : RHP Ryan Bentley
Batting: RHB Bob Dickerson 0-0: Ground out 6-3 (Groundball, 6)
Batting: RHB Scott Robertson 0-0: Ball
1-0: Ball
2-0: Ball
3-0: Called Strike
3-1: Fly out, F8 (Flyball, 8LS)
Batting: LHB Guillermo Arellano 0-0: Ball
1-0: Ball
2-0: Called Strike
2-1: Ball
3-1: Base on Balls
Batting: SHB Nobuhisa Hatoyama 0-0: Ball
1-0: Called Strike
1-1: Ball
2-1: Foul Ball, location: 2F
2-2: Fly out, F8 (Line Drive, 8LM)
Top of the 6th over - 0 runs, 0 hits, 0 errors, 1 left on base; Houston 2 - Detroit 3
BOTTOM OF THE 6TH
Detroit Renaissance batting - Pitching for Houston 1837 BBC : RHP Ricardo Suárez
Pitching: RHP Gary Bailey
Batting: LHB Elian Gonzalez 0-0: Called Strike
0-1: Ball
1-1: Fly out, F9 (Line Drive, 9LM)
Batting: RHB Takashi Miike 0-0: Ball
1-0: Called Strike
1-1: Fly out, F9 (Line Drive, 9LM)
Batting: LHB Lance Antle 0-0: Called Strike
0-1: Foul Ball, location: 2F
0-2: SOLO HOME RUN (Flyball, 9D), Distance : 358 ft
Batting: RHB Sixto Estrada 0-0: Called Strike
0-1: Ball
1-1: Called Strike
1-2: Hit by Pitch
Batting: SHB Jesús Román 0-0: Ball
Sixto Estrada is caught stealing 2nd base
Bottom of the 6th over - 1 run, 1 hit, 0 errors, 0 left on base; Houston 2 - Detroit 4
TOP OF THE 7TH
Houston 1837 BBC batting - Pitching for Detroit Renaissance : RHP Ryan Bentley
Batting: RHB Armond Merlin 0-0: Called Strike
0-1: Ball
1-1: Called Strike
1-2: Strikes out swinging
Batting: RHB Anastasio Hernández 0-0: Ball
1-0: SINGLE (Flyball, 9LS)
Batting: LHB Damian Delaney 0-0: Called Strike
0-1: Hit by Pitch
Anastasio Hernández to second
Batting: LHB Fa-tang Wang 0-0: Grounds out, U3 (Groundball, 3L)
Anastasio Hernández to third
Batting: RHB Juan Chávez 0-0: Hit by Pitch
Batting: RHB Bob Dickerson 0-0: Ball
1-0: Foul Ball, location: 2F
1-1: Fly out, F5 (Popup, 56)
Top of the 7th over - 0 runs, 1 hit, 0 errors, 3 left on base; Houston 2 - Detroit 4
BOTTOM OF THE 7TH
Detroit Renaissance batting - Pitching for Houston 1837 BBC : RHP Gary Bailey
Batting: SHB Jesús Román 0-0: Called Strike
0-1: Foul Ball, location: 2F
0-2: Ball
1-2: Ball
2-2: Strikes out looking
Batting: LHB Josh Platt 0-0: Ball
1-0: Fly out, F7 (Flyball, 7S)
Batting: SHB Shiki Sanu 0-0: Ball
1-0: Foul Ball, location: 2F
1-1: Foul Ball, location: 2F
1-2: Fly out, F5 (Popup, 56)
Bottom of the 7th over - 0 runs, 0 hits, 0 errors, 0 left on base; Houston 2 - Detroit 4
TOP OF THE 8TH
Houston 1837 BBC batting - Pitching for Detroit Renaissance : RHP Ryan Bentley
Batting: RHB Scott Robertson 0-0: Ball
1-0: Ball
2-0: Called Strike
2-1: Ball
3-1: Called Strike
3-2: SOLO HOME RUN (Flyball, 7LD), Distance : 331 ft
Pitching: LHP Jaime Carrión
Batting: LHB Guillermo Arellano 0-0: Ball
1-0: Swinging Strike
1-1: Ground out 4-3 (Groundball, 34)
Batting: SHB Nobuhisa Hatoyama 0-0: Ball
1-0: Ball
2-0: Foul Ball, location: 2F
2-1: Ground out 4-3 (Groundball, 4)
Batting: RHB Armond Merlin 0-0: Ball
1-0: Swinging Strike
1-1: Foul Ball, location: 2F
1-2: Strikes out looking
Top of the 8th over - 1 run, 1 hit, 0 errors, 0 left on base; Houston 3 - Detroit 4
BOTTOM OF THE 8TH
Detroit Renaissance batting - Pitching for Houston 1837 BBC : RHP Gary Bailey
Batting: LHB Javier Sánchez 0-0: Ball
1-0: Called Strike
1-1: Called Strike
1-2: Ball
2-2: Ball
3-2: Base on Balls
Batting: RHB Quincy van Enk 0-0: SINGLE (Flyball, 9LS)
Javier Sánchez to second
Runner from 2nd tries for 3rd, SAFE, no throw
Batting: LHB Elian Gonzalez 0-0: Foul Ball, location: 2F
0-1: Ball
1-1: Ball
2-1: Fly out, F9 (Flyball, 9LS)
Runner from 3rd tags up, SCORES, no throw
Pitching: RHP Emil Olsson
Batting: RHB Takashi Miike 0-0: Ball
1-0: Ball
2-0: Fly out, F9 (Flyball, 9S)
Batting: LHB Lance Antle 0-0: Foul Ball, location: 2F
0-1: Ball
1-1: Ball
2-1: Fly out, F8 (Flyball, 8LD)
Bottom of the 8th over - 1 run, 1 hit, 0 errors, 1 left on base; Houston 3 - Detroit 5
TOP OF THE 9TH
Houston 1837 BBC batting - Pitching for Detroit Renaissance : LHP Jaime Carrión
Batting: RHB Anastasio Hernández 0-0: Ball
1-0: Foul Ball, location: 2F
1-1: SINGLE (Flyball, 78S)
Pinch Hitting: RHB Phil Sherman 0-0: Fly out, F8 (Flyball, 8LM)
Pinch Hitting: SHB Eduardo Pampin 0-0: Ball
1-0: Fly out, F8 (Flyball, 89M)
Batting: RHB Juan Chávez 0-0: Called Strike
0-1: Fly out, F7 (Flyball, 7S)
Top of the 9th over - 0 runs, 1 hit, 0 errors, 1 left on base; Houston 3 - Detroit 5
Tuesday, June 12th, 2018 - OOTP Baseball 18.8 Build 76